General information
- name: BNet
- type: Ladder team game (AT/RT)
- host: Battle.net
- saver: IWantMyMommy
map: Deadlock
- players: 8
- length: 04:55
- speed: Fast
- version: 1.28 W3XP
- replay type: Public
» download(41 KB)
Players
team 1 (winner)
Ufa102 (
orange | 68 APM | 333 actions | 04:55)
2 Death Knight
1 Death Coil
1 Unholy Aura
1 Mountain King
1 Storm Bolt
» actions
| Assign group hotkey | 14 | |
| Basic commands | 33 | |
| Build / train | 21 | |
| ESC pressed | 1 | |
| Enter build submenu | 9 | |
| Enter hero's abilities submenu | 3 | |
| Right click | 76 | |
| Select / deselect | 41 | |
| Select group hotkey | 122 | |
| Use ability | 13 | |
333 total
» units
| Acolyte | 2 | |
| Ghoul | 1 | |
| Crypt Fiend | 6 | |
| Rifleman | 3 | |
12 total
» upgrades
| Unholy Strength | 1 | |
| Creature Attack | 1 | |
2 total
» buildings
| Crypt | 1 | |
| Graveyard | 1 | |
| Altar of Darkness | 1 | |
| Ziggurat | 3 | |
| Tomb of Relics | 1 | |
| Nerubian Tower | 1 | |
8 total
» build order
00:16 Crypt
00:19 Graveyard
00:43 Altar of Darkness
01:01 Ziggurat
01:27 Tomb of Relics
01:45 Ziggurat
01:58 Nerubian Tower
03:47 Ziggurat
» items

»
beans (
pink | 302 APM | 1489 actions | 04:55)
2 Demon Hunter
1 Mana Burn
1 Evasion
» actions
| Assign group hotkey | 21 | |
| Basic commands | 136 | |
| Build / train | 28 | |
| ESC pressed | 1 | |
| Enter build submenu | 8 | |
| Enter hero's abilities submenu | 3 | |
| Right click | 338 | |
| Select / deselect | 86 | |
| Select group hotkey | 853 | |
| Use ability | 15 | |
1489 total
» units
» upgrades
» buildings
| Altar of Elders | 1 | |
| Moon Well | 3 | |
| Ancient of War | 2 | |
| Hunter's Hall | 1 | |
| Tree of Ages | 2 | |
9 total
» build order
00:07 Altar of Elders
00:17 Moon Well
00:35 Ancient of War
01:31 Moon Well
02:01 Ancient of War
02:34 Hunter's Hall
03:46 Moon Well
04:10 Tree of Ages
04:10 Tree of Ages
no-on (
yellow | 79 APM | 256 actions | 03:14)
» actions
| Assign group hotkey | 4 | |
| Build / train | 21 | |
| Enter build submenu | 11 | |
| Right click | 157 | |
| Select / deselect | 49 | |
| Select group hotkey | 1 | |
| Use ability | 13 | |
256 total
» units
» buildings
| Blacksmith | 1 | |
| Farm | 4 | |
| Scout Tower | 1 | |
| Altar of Kings | 2 | |
| Barracks | 1 | |
| Arcane Tower | 2 | |
| Lumber Mill | 1 | |
12 total
» build order
00:21 Blacksmith
00:42 Farm
00:54 Scout Tower
01:06 Altar of Kings
01:11 Barracks
01:27 Altar of Kings
01:28 Farm
01:33 Farm
02:07 Arcane Tower
02:08 Arcane Tower
02:16 Lumber Mill
02:46 Farm

»
fundyk (
green | 21 APM | 106 actions | 04:55)
1 Death Knight
1 Death Pact
» actions
| Assign group hotkey | 1 | |
| Build / train | 7 | |
| Enter build submenu | 9 | |
| Enter hero's abilities submenu | 1 | |
| Right click | 58 | |
| Select / deselect | 17 | |
| Select group hotkey | 6 | |
| Use ability | 7 | |
106 total
» units
» buildings
| Ziggurat | 4 | |
| Altar of Darkness | 1 | |
| Crypt | 1 | |
| Graveyard | 1 | |
7 total
» build order
00:35 Ziggurat
00:37 Altar of Darkness
02:15 Crypt
03:01 Ziggurat
03:43 Graveyard
04:23 Ziggurat
04:27 Ziggurat
team 2 (loser)

»
ZicoMan (
red | 20 APM | 47 actions | 02:20)
» actions
| Build / train | 9 | |
| Enter build submenu | 5 | |
| Right click | 7 | |
| Select / deselect | 21 | |
| Use ability | 5 | |
47 total
» units
» buildings
| Orc Burrow | 2 | |
| Altar of Storms | 1 | |
| War Mill | 1 | |
| Barracks | 1 | |
5 total
» build order
00:22 Orc Burrow
00:36 Altar of Storms
00:53 War Mill
01:18 Barracks
01:40 Orc Burrow
SirHenry_lX (
teal | 51 APM | 163 actions | 03:11)
1 Warden
1 Shadow Strike
» actions
| Build / train | 11 | |
| Enter build submenu | 4 | |
| Enter hero's abilities submenu | 1 | |
| Right click | 70 | |
| Select / deselect | 68 | |
| Use ability | 9 | |
163 total
» units
» buildings
| Altar of Elders | 1 | |
| Moon Well | 2 | |
| Ancient of War | 1 | |
4 total
» build order
00:14 Altar of Elders
00:19 Moon Well
00:27 Ancient of War
01:53 Moon Well
Alltid-otrogen (
blue | 22 APM | 49 actions | 02:12)
» actions
| Build / train | 5 | |
| Enter build submenu | 5 | |
| Right click | 10 | |
| Select / deselect | 24 | |
| Use ability | 5 | |
49 total
» units
» buildings
| Altar of Darkness | 1 | |
| Ziggurat | 2 | |
| Graveyard | 1 | |
| Crypt | 1 | |
5 total
» build order
00:07 Altar of Darkness
00:09 Ziggurat
00:39 Graveyard
00:55 Crypt
01:30 Ziggurat
IWantMyMommy (
purple | 14 APM | 70 actions | 04:55)
» actions
| Basic commands | 13 | |
| Build / train | 8 | |
| Right click | 33 | |
| Select / deselect | 16 | |
70 total
» units
Chat log
(01:08 / Allies) ZicoMan: purple
(01:14 / Allies) ZicoMan: 1st game?
(01:27 / Allies) IWantMyMommy: yes mommy just buyed me this game!
(01:45 / Allies) ZicoMan: how old are you ?
(01:52 / Allies) IWantMyMommy: 11
(01:54 / Allies) IWantMyMommy: and a half!
(01:55 / Allies) Alltid-otrogen: 8 workers on mine?
(01:55 / Allies) Alltid-otrogen: .D
(02:00 / Allies) ZicoMan: purple
(02:06 / Allies) ZicoMan: you fucking 20 year old cunt
(02:15 / Allies) ZicoMan: pls leave and askyourself how dumb yo are